 Dungeon Crawl Stone Soup version 0.28-a0-1312-g71652a0310 (webtiles) character file.

Game seed: 3586674684681819186

51 blank1 the Skirmisher (level 3, 0/24 HPs)
             Began as a Gargoyle Fighter on Dec 27, 2021.
             Slain by a goblin (4 damage)
             ... led by Robin
             ... on level 2 of the Dungeon.
             The game lasted 00:01:51 (1214 turns).

blank1 the Skirmisher (Gargoyle Fighter)            Turns: 1214, Time: 00:01:52

Health: 0/24       AC: 12    Str: 21    XL:     3   Next: 83%
Magic:  3/3        EV:  8    Int:  8    God:
Gold:   80         SH:  4    Dex:  9    Spells: 2/2 levels left

rFire   . . .      SeeInvis .   a - +0 flail
rCold   . . .      Faith    .   c - +0 buckler
rNeg    + . .      Spirit   .   i - +0 chain mail
rPois   ∞          Reflect  .   (no helmet)
rElec   +          Harm     .   (no cloak)
rCorr   .          Rampage  .   (no gloves)
Will    .....                   (no boots)
Stlth   ..........              (no amulet)
HPRegen 0.08/turn               (no ring)
MPRegen 0.08/turn               (no ring)

@: no status effects
A: sickness immunity, AC +3, negative energy resistance 1, electricity
resistance, torment resistance 1, petrification resistance
a: no special abilities


You were on level 2 of the Dungeon.
You visited 1 branch of the dungeon, and saw 2 of its levels.

You collected 80 gold pieces.

Inventory:

Hand Weapons
 a - a +0 flail (weapon)
Armour
 c - a +0 buckler (worn)
 i - a +0 chain mail (worn)
Scrolls
 g - a scroll of teleportation {unknown}
Potions
 d - a potion of might
 e - a potion of heal wounds {unknown}
 f - a potion of haste {unknown}
 h - a potion of flight {unknown}


   Skills:
 + Level 3.7 Fighting
 + Level 2.5 Maces & Flails
 + Level 3.7 Armour
 + Level 1.0 Dodging
 + Level 3.7 Shields


You had 2 spell levels left.
You didn't know any spells.
Your spell library was empty.

Dungeon Overview and Level Annotations

Branches:
Dungeon (2/15)

Altars:

Annotations:
D:2 Robin


Innate Abilities, Weirdness & Mutations

You are immune to sickness and miasma.
Your stone body is resilient. (AC +3)
You are immune to poison.
You resist negative energy. (rN+)
You are resistant to electric shocks. (rElec)
You are resistant to unholy torment.
You are immune to petrification.


Message History

The goblin hits you but does no damage.
You closely miss Robin. Robin barely misses you. The goblin barely misses you.
Robin hits you with a +0 spear.
You barely miss Robin. The goblin hits you but does no damage.
Robin hits you with a +0 spear.
You closely miss Robin.
The goblin hits you with a +2 dagger of freezing.
The goblin freezes you. Robin hits you but does no damage.
The goblin hits you with a +2 dagger of freezing.
The goblin freezes you.
You are too injured to fight recklessly!
You are too injured to fight recklessly!
You are too injured to fight recklessly!
You barely miss Robin. Robin barely misses you.
The goblin hits you with a +2 dagger of freezing.
The goblin freezes you.
* * * LOW HITPOINT WARNING * * *
Robin hits you but does no damage.
You hit Robin.
Robin is moderately wounded.
The goblin hits you but does no damage. Robin hits you with a +0 spear.
* * * LOW HITPOINT WARNING * * *
You hit Robin but do no damage.
Robin is moderately wounded.
The hobgoblin no longer looks unusually strong. x2
The goblin hits you but does no damage. Robin hits you but does no damage.
You sock Robin!
Robin is almost dead.
The goblin barely misses you.
A hobgoblin comes into view.
Robin roars a battlecry!
The goblins go into a battle-frenzy!
You block the goblin's attack.
The hobgoblin moves out of view.
The goblin shouts!
Unknown command.
You hit Robin but do no damage.
Robin is almost dead.
Robin hits you but does no damage.
The goblin hits you with a +2 dagger of freezing.
You die...

##.# #.#
#.#####(#
#.......#######
####.###......#
# #.####.#
.##.###.####.###
................
.##.###g####.##.
#.@gg..#
####g### #..#
#...g....
#g.......
.g#####.. .## .
gg .g


You could see Robin, 2 hobgoblins and 2 goblins.

Vanquished Creatures
  A worm (D:2)
  2 dart slugs
  A ball python (D:2)
  3 bats (D:1)
  3 endoplasms (D:1)
  4 giant cockroaches
  6 goblins
  2 hobgoblins (D:1)
  2 jackals (D:2)
  3 kobolds
  4 quokkas
  3 frilled lizards (D:1)
  4 rats
38 creatures vanquished.

Notes
Turn   | Place    | Note
-------+----------+-------------------------------------------
     0 | D:1      | blank1 the Gargoyle Fighter began the quest for the Orb.
     0 | D:1      | Reached XP level 1. HP: 14/14 MP: 1/1
    80 | D:1      | Reached XP level 2. HP: 19/19 MP: 2/2
   403 | D:1      | Reached XP level 3. HP: 18/23 MP: 3/3
  1191 | D:2      | Noticed Robin
  1204 | D:2      | Reached skill level 1 in Dodging
  1214 | D:2      | Slain by a goblin

Illustrated notes

Levels and vault maps discovered:
D:1:      mushboom_english_gardens, layout_basic
D:2:      layout_loops_corners, shapermc_ecumenical_altar_flowoftime,
          minmay_misc_feat_square, kennysheep_jessica_study, uniq_jessica,
          uniq_robin, uniq_sigmund

Skill      XL: |  1  2  3 |
---------------+----------+-----
Dodging        | 1 |  1.0
Fighting       | |  3.7
Maces & Flails | |  2.5
Armour         | |  3.7
Shields        | |  3.7

Action                   || total
-------------------------++-------
Melee: Flail             ||   132
Armor: Scale mail        ||    57
       Chain mail        ||    39
Dodge: Dodged            ||    60
Block: Buckler           ||    29

Table legend: (Time is in decaauts)
 A = Elapsed time spent in this place.
 B = Non-inter-level travel time spent in this place.
 C = Inter-level travel time spent in this place.
 D = Time resting spent in this place.
 E = Time spent auto-exploring this place.
 F = Levels seen in this place.
 G = Mean time per level.
                   A        B        C        D        E       F      G
               +--------+--------+--------+--------+--------+-----+--------+
         Total |   1254 |   1238 |     16 |      0 |    923 |   2 |  627.0 |
       Dungeon |   1254 |   1238 |     16 |      0 |    923 |   2 |  627.0 |
               +--------+--------+--------+--------+--------+-----+--------+

Top non-repeatable levels by time:
     D:1: 928 daAuts
     D:2: 325 daAuts
